 Dungeon Crawl Stone Soup version 0.27-a0-277-g024f7ef292 (webtiles) character file.

Game seed: 13538805797421887027

49 Dorob the Digger (level 3, -4/19 HPs)
             Began as a Gargoyle Earth Elementalist on Feb 7, 2021.
             Slain by Grinder (7 damage)
             ... on level 2 of the Dungeon.
             The game lasted 00:03:18 (1888 turns).

Dorob the Digger (Gargoyle Earth Elementalist)      Turns: 1888, Time: 00:03:18

Health: -4/19      AC:  6    Str: 13    XL:     3   Next: 77%
Magic:  2/7        EV: 12    Int: 16    God:
Gold:   33         SH:  0    Dex: 10    Spells: 3/7 levels left

rFire    . . .     SeeInvis .   f - +0 mace
rCold    . . .     Faith    .   (no shield)
rNeg     + . .     Spirit   .   c - +0 robe
rPois    ∞         Reflect  .   (helmet restricted)
rElec    +         Harm     .   (no cloak)
rCorr    .         Rampage  .   (no gloves)
Will     .....                  (no boots)
Stlth    ++........             (no amulet)
HPRegen  0.06/turn              h - ring of wizardry
MPRegen  0.10/turn              (no ring)

@: no status effects
A: antennae 1, negative energy resistance 1, shaggy fur 1, electricity
resistance, strong 1, unbreathing, evolution 1, petrification resistance, miasma
immunity, AC +3
a: no special abilities


You were on level 2 of the Dungeon.
You visited 1 branch of the dungeon, and saw 3 of its levels.

You collected 33 gold pieces.

Inventory:

Hand Weapons
 f - a +0 mace (weapon)
Missiles
 b - 44 stones
Armour
 c - a +0 robe (worn)
Jewellery
 h - a ring of wizardry (left hand)
Scrolls
 e - a scroll of teleportation {unknown}
 g - a scroll of enchant weapon {unknown}
 i - 2 scrolls of identify {unknown}
Potions
 a - a potion of mutation
 d - a potion of berserk rage {unknown}


   Skills:
 + Level 0.6 Maces & Flails
 - Level 1.5 Dodging
 - Level 2.1 Stealth
 + Level 2.7 Spellcasting
 + Level 0.9 Conjurations
 - Level 0.7 Transmutations
 + Level 4.5 Earth Magic


You had 3 spell levels left.
You knew the following spells:

 Your Spells              Type           Power        Failure   Level
a - Sandblast             Erth           32%          1%          1
b - Stone Arrow           Conj/Erth      20%          8%          3

Your spell library contained the following spells:

 Spells                   Type           Power        Failure   Level
 Passwall                 Tmut/Erth      8%           4%          2
 Petrify                  Tmut/Erth      10%          26%         4
 Lee's Rapid Deconstruct  Erth           8%           32%         5


Dungeon Overview and Level Annotations

Branches:
Dungeon (3/15)

Altars:

Annotations:
D:2 Grinder


Innate Abilities, Weirdness & Mutations

You are resistant to torment.
Your stone body is resilient. (AC +3)
You are immune to poison.
You resist negative energy. (rN+)
You are resistant to electric shocks. (rElec)
You can survive without breathing.
You are immune to petrification.
You are immune to miasma.
You have a pair of small antennae on your head.
You are covered in fur. (AC +1)
Your muscles are strong. (Str +2)
You evolve.


Message History

Grinder is moderately wounded.
The hobgoblin closely misses you. Grinder hits you but does no damage.
Casting: Sandblast (safe; 1% risk of failure)
Confirm with . or Enter, or press ? or * to list all spells.
Aiming: Sandblast (safe; 1% risk of failure)
Press: ? - help, Shift-Dir - straight line, f/p - Grinder
Aim: Grinder (moderately wounded, 23% to evade)
The blast of sand hits Grinder!
Grinder is heavily wounded.
The hobgoblin hits you but does no damage.
Grinder hits you.
* * * LOW HITPOINT WARNING * * *
You writhe in agony.
* * * LOW HITPOINT WARNING * * *
It was a potion of mutation.
You feel extremely strange. Fur sprouts all over your body.
A pair of antennae grows on your head!
You feel nature experimenting on you.
Don't worry, failures die fast.
You feel stronger. The hobgoblin barely misses you. Grinder hits you!
You die...

# #.# ##.## #.#......#... # #.#
##'# #.####.#####. # #.# #..# #.#
#...#... # #.# #.## #.# ###.#..#
# #.# #.# #)# #....#
######.####.### #.# ####.#
..............# #.# #.#
###########.#.#######[#########.#
#....5@g..............#
#.#.#######.###########
#.#########.# #...........#
#############


You could see Grinder and a hobgoblin.

Vanquished Creatures
  3 adders (D:2)
  3 bats
  4 hobgoblins
  A quokka (D:2)
  A ball python (D:2)
  A frilled lizard (D:1)
  3 goblins
  4 kobolds
  5 rats
25 creatures vanquished.

Notes
Turn   | Place    | Note
-------+----------+-------------------------------------------
     0 | D:1      | Dorob the Gargoyle Earth Elementalist began the quest for
                  | the Orb.
     0 | D:1      | Reached XP level 1. HP: 10/10 MP: 3/3
   476 | D:1      | Reached XP level 2. HP: 10/15 MP: 3/5
   634 | D:1      | Reached skill level 4 in Earth Magic
  1284 | D:2      | Reached XP level 3. HP: 19/19 MP: 6/6
  1288 | D:2      | Learned a level 3 spell: Stone Arrow
  1880 | D:3      | Noticed Grinder
  1888 | D:2      | Gained mutation: You are covered in fur. (AC +1) [potion of
                  | mutation]
  1888 | D:2      | Gained mutation: You have a pair of small antennae on your
                  | head. [potion of mutation]
  1888 | D:2      | Gained mutation: You evolve. [potion of mutation]
  1888 | D:2      | Gained mutation: Your muscles are strong. (Str +2) [potion
                  | of mutation]
  1888 | D:2      | Slain by Grinder

Illustrated notes

Levels and vault maps discovered:
D:1:      minmay_arrival_stair_chambers, layout_basic
D:2:      layout_loops_ring, amcnicky_mini_corridor_feature, grunt_ministairs_15
D:3:      layout_loops_ring, overflow_temple_1_default, lemuel_round_altar,
          uniq_natasha, uniq_grinder

Skill      XL: |  1  2 |
---------------+-------+-----
Earth Magic    | 4 |  4.5
Maces & Flails | |  0.6
Dodging        | |  1.5
Stealth        | |  2.1
Spellcasting   | |  2.7
Conjurations   | |  0.9
Transmutations | |  0.7

Action                   || total
-------------------------++-------
Melee: Unarmed           ||    31
       Mace              ||    62
 Cast: Sandblast         ||    17
  Use: Potion            ||     1
 Stab: Sleeping          ||     2
Armor: Robe              ||    44
Dodge: Dodged            ||    80

Table legend: (Time is in decaauts)
 A = Elapsed time spent in this place.
 B = Non-inter-level travel time spent in this place.
 C = Inter-level travel time spent in this place.
 D = Time resting spent in this place.
 E = Time spent auto-exploring this place.
 F = Levels seen in this place.
 G = Mean time per level.
                   A        B        C        D        E       F      G
               +--------+--------+--------+--------+--------+-----+--------+
         Total |   1911 |   1865 |     46 |    114 |   1480 |   3 |  637.0 |
       Dungeon |   1911 |   1865 |     46 |    114 |   1480 |   3 |  637.0 |
               +--------+--------+--------+--------+--------+-----+--------+

Top non-repeatable levels by time:
     D:1: 1092 daAuts
     D:2: 815 daAuts
     D:3: 3 daAuts
